 Dungeon Crawl Stone Soup version 0.22-a0-93-g6b88ebb (webtiles) character file.

4676 shinji the Cleaver (level 10, -4/70 HPs)
             Began as a Human Wanderer on Jan 24, 2018.
             Was an Elder of Nemelex Xobeh.
             Slain by a freezing wraith (10 damage)
             ... led by a death knight
             ... on level 9 of the Dungeon on Jan 25, 2018.
             The game lasted 00:56:55 (11872 turns).

shinji the Cleaver (Human Wanderer)                Turns: 11872, Time: 00:56:55

Health: -4/70      AC:  9    Str: 20    XL:     10   Next: 72%
Magic:  21/21      EV: 11    Int: 13    God:    Nemelex Xobeh [****..]
Gold:   187        SH:  0    Dex: 13    Spells: 2/12 levels left

rFire    x . .     SeeInvis .   h - +2 battleaxe
rCold    + . .     Gourm    .   (shield currently unavailable)
rNeg     . . .     Faith    .   z - +2 leather armour {MR+}
rPois    .         Spirit   .   (no helmet)
rElec    .         Reflect  .   Q - +0 cloak
rCorr    .         Harm     .   A - +0 pair of gloves
MR       +....                  i - +1 pair of boots
Stlth    +.........             (no amulet)
HPRegen  0.21/turn              w - ring of magical power
MPRegen  0.17/turn              t - ring of ice

@: mighty, slowed, very slow
A: no striking features
a: Triple Draw, Deal Four, Renounce Religion


You were on level 9 of the Dungeon.
You worshipped Nemelex Xobeh.
Nemelex Xobeh was greatly pleased with you.
You were not hungry.

You visited 1 branch of the dungeon, and saw 9 of its levels.
You also visited: Ossuary.

You collected 357 gold pieces.
You spent 170 gold pieces at shops.

Inventory:

Hand Weapons
 h - a +2 battleaxe (weapon)
 F - a +0 blowgun
Missiles
 j - 313 stones (quivered)
 l - 8 javelins of penetration
 u - 2 curare-tipped needles
 B - 8 javelins
Armour
 i - a +1 pair of boots (worn)
 k - the +1 leather armour "Quoligh" {MR+ Regen+ MP-9 Dex+4}
   (You found it on level 5 of the Dungeon)

   It affects your dexterity (+4).
   It affects your resistance to hostile enchantments.
   It affects your magic capacity (-9).
   It increases your rate of regeneration.
 z - a +2 leather armour of magic resistance (worn)
 A - a +0 pair of gloves (worn)
 Q - a +0 cloak (worn)
Jewellery
 t - a ring of ice (right hand)
 w - a ring of magical power (left hand)
Wands
 R - a wand of paralysis (10)
Scrolls
 m - 5 scrolls of teleportation
 q - a scroll of immolation
 s - 3 scrolls of fear
 v - 4 scrolls of remove curse
 x - 3 scrolls of enchant weapon
 y - a scroll of amnesia
 E - a scroll of holy word
 I - 2 scrolls of summoning
 N - a scroll of fog
Potions
 d - 2 potions of haste
 e - a potion of curing
 g - a potion of lignification
 n - a potion of brilliance
 o - a potion of mutation {unknown}
 r - 2 potions of heal wounds
 G - 2 potions of magic
 H - a potion of might
 K - a potion of agility
 L - a potion of flight {unknown}
Books
 a - a book of Minor Magic

   Spells                             Type                      Level
   a - Magic Dart                     Conjuration                  1
   b - Blink                          Translocation                2
   c - Call Imp                       Summoning                    2
   d - Slow                           Hexes                        2
   e - Conjure Flame                  Conjuration/Fire             3
   f - Mephitic Cloud                 Conjuration/Poison/Air       3
 b - the Almanac of the Mountains

   Spells                             Type                      Level
   a - Sandblast                      Earth                        1
   b - Stone Arrow                    Conjuration/Earth            3
 c - the Guide on Venom

   Spells                             Type                      Level
   a - Sting                          Conjuration/Poison           1
   b - Ignite Poison                  Fire/Transmutation/Poison    3
Miscellaneous
 p - a plain deck of summoning {drawn: 5}
 D - an ornate deck of destruction {drawn: 5}
 J - a legendary deck of destruction {drawn: 1}
 M - a plain deck of escape
 O - a plain deck of destruction {drawn: 3}
 P - an ornate deck of destruction
Comestibles
 f - 7 rations


   Skills:
 - Level 3.4 Fighting
 * Level 9.0(10.4) Axes
   Level 8.4(10.3) Maces & Flails
   Level 3.0(6.1) Staves
 - Level 1.0 Dodging
   Level 1.0 Shields
 - Level 1.8 Spellcasting
 - Level 4.2 Conjurations
 - Level 3.2 Summonings
 - Level 3.1 Fire Magic
 - Level 2.0 Poison Magic
 - Level 3.6 Invocations
 - Level 1.0 Evocations


You had 2 spell levels left.
You knew the following spells:

 Your Spells              Type           Power        Failure   Level  Hunger
a - Magic Dart            Conj           ##..         5%          1    ##.....
b - Sting                 Conj/Pois      #...         9%          1    ##.....
c - Call Imp              Summ           #.......     12%         2    ###....
d - Conjure Flame         Conj/Fire      ##......     21%         3    ####...
e - Mephitic Cloud        Conj/Pois/Air  #.......     36%         3    ####...


Dungeon Overview and Level Annotations

Branches:
Dungeon (9/15)             Temple (0/1) D:5
   Lair: D:8-11         Orc: D:9-12

Altars:
Makhleb
Nemelex Xobeh

Shops:
D:6 *

Annotations:
D:8 Joseph


Message History

Evoke which item? (* to show all) (? for menu, Esc to quit)
You draw a card...
It is the Rangers.
The wraith barely misses you.
You hit the freezing wraith but do no damage.
The freezing wraith is heavily damaged.
You closely miss the wraith.
Your centaur wields a shortbow.
Your centaur shoots an arrow.
The arrow hits the freezing wraith but does no damage.
The arrow disappears in a puff of smoke!
Your centaur hits the wraith! The freezing wraith barely misses you.
The freezing wraith hits you.
* * * LOW HITPOINT WARNING * * *
The freezing wraith drains your vigour!
You feel as though you will be slow longer.
The wraith barely misses you.
Your centaur closely misses the wraith.
The freezing wraith hits you!
* * * LOW HITPOINT WARNING * * *
The freezing wraith freezes you! You resist.
You die...
Your body glows slightly and disappears.

... ... .... .....
######+######.....
#...#...#.........
#...#...#.........
#...#...#...W.....
###@#'#.#...#.W...
#WW.#.W...# ...
#.cc#.....+ .
#...#.....#
#...#.....#
#########'##.....#
#.........#......#
#.........#......#
#.........#......#


You could see a freezing wraith, a wraith and 2 friendly centaurs.

Vanquished Creatures
  Pikel (D:5)
  Maurice (D:8)
  Prince Ribbit (D:8)
  A blink frog (D:4)
  A hippogriff (D:8)
  Duvessa (D:7)
  A water moccasin (D:9)
  3 orc warriors
  A sky beast (D:7)
  2 ice beasts
  2 phantoms
  2 ogres
  A wolf (D:7)
  2 bullfrogs (D:7)
  Dowan (D:7)
  A water moccasin zombie (D:6)
  2 scorpions
  A killer bee (D:7)
  2 wights
  A crimson imp (D:7)
  A quasit (D:7)
  An orc priest (D:3)
  3 hounds
  Crazy Yiuf (D:7)
  A bullfrog skeleton (D:9)
  7 orc wizards
  Jessica (D:3)
  4 iguanas
  3 worker ants
  2 big kobold zombies (Ossuary)
  2 mummies
  2 worker ant zombies (D:7)
  A gnoll (D:5)
  3 adders
  2 shadow imps
  An ooze (D:1)
  An adder skeleton (D:5)
  An adder zombie (Ossuary)
  2 dart slugs
  6 leopard geckos
  23 orcs
  2 giant cockroaches (D:1)
  A gnoll zombie (Ossuary)
  12 goblins
  12 hobgoblins
  12 jackals
  7 kobolds
  3 quokkas
  10 bats
  5 frilled lizards
  A goblin zombie (Ossuary)
  2 kobold zombies (Ossuary)
  A quokka zombie (Ossuary)
  8 rats
  3 rat zombies (Ossuary)
175 creatures vanquished.

Vanquished Creatures (collateral kills)
  The ghost of 4thArraOfDagon the Covert, a novice SpMo of Ru (D:6)
  An orc warrior (D:6)
  A sky beast (D:5)
  2 wights (D:6)
  A hound (D:4)
  2 orc priests
  2 orc wizards
  A worker ant (D:6)
  2 mummies (Ossuary)
  2 gnolls
  5 adders
  2 shadow imps
  An adder zombie (Ossuary)
  A worm (D:4)
  3 leopard geckos
  5 orcs
  2 kobolds (D:5)
  3 goblin zombies (Ossuary)
  2 hobgoblin zombies (Ossuary)
  A kobold zombie (Ossuary)
40 creatures vanquished.

Vanquished Creatures (others)
  2 orc sorcerers (D:7)
  4 slaves (D:5)
  A big kobold (D:5)
  A kobold (D:5)
8 creatures vanquished.

Grand Total: 223 creatures vanquished

Notes
Turn   | Place    | Note
-------+----------+-------------------------------------------
     0 | D:1      | shinji the Human Wanderer began the quest for the Orb.
     0 | D:1      | shinji set off with: a book of Minor Magic, the Almanac of the Mountains, the Guide on Venom, a +0 robe, a +0 club, a ration
     0 | D:1      | Reached XP level 1. HP: 15/15 MP: 2/2
     0 | D:1      | Identified the Almanac of the Mountains
     0 | D:1      | Identified the Guide on Venom
    36 | D:1      | Learned a level 1 spell: Magic Dart
    38 | D:1      | Learned a level 1 spell: Sting
   108 | D:1      | Reached skill level 1 in Conjurations
   201 | D:1      | Reached XP level 2. HP: 21/21 MP: 0/3
   595 | D:1      | Reached XP level 3. HP: 24/26 MP: 3/5
   870 | D:1      | Learned a level 2 spell: Call Imp
  1062 | D:1      | Reached XP level 4. HP: 32/32 MP: 2/6
  1408 | D:2      | Found a faded altar of an unknown god.
  1411 | D:2      | Reached skill level 1 in Summonings
  1421 | D:2      | Became a worshipper of Nemelex Xobeh the Trickster
  1421 | D:2      | Received a gift from Nemelex Xobeh
  1421 | D:2      | Reached * piety under Nemelex Xobeh
  2738 | D:3      | Reached XP level 5. HP: 37/37 MP: 7/7
  2782 | D:3      | Received a gift from Nemelex Xobeh
  2788 | D:3      | Reached ** piety under Nemelex Xobeh
  2902 | D:3      | Noticed Jessica
  2924 | D:3      | Killed Jessica
  2924 | D:3      | Reached skill level 1 in Maces & Flails
  3355 | D:3      | Reached XP level 6. HP: 43/43 MP: 8/8
  4204 | D:4      | Received a gift from Nemelex Xobeh
  4453 | D:4      | Received a gift from Nemelex Xobeh
  4559 | D:4      | Noticed an ogre
  4560 | D:4      | Noticed a blink frog
  4560 | D:4      | an ogre changed into a blink frog
  4582 | D:4      | Killed a blink frog
  4582 | D:4      | Reached skill level 5 in Maces & Flails
  4582 | D:4      | Reached XP level 7. HP: 48/48 MP: 5/9
  5004 | D:4      | Learned a level 3 spell: Conjure Flame
  5077 | D:4      | Reached *** piety under Nemelex Xobeh
  5293 | D:5      | Entered Level 5 of the Dungeon
  5389 | D:5      | Received a gift from Nemelex Xobeh
  5413 | D:5      | Noticed Pikel
  5470 | D:5      | Killed Pikel
  5470 | D:5      | Reached XP level 8. HP: 18/54 MP: 10/10
  5679 | D:5      | Got a scorched leather armour
  5690 | D:5      | Identified the +1 leather armour "Quoligh" {MR+ Regen+ MP-9 Dex+4} (You found it on level 5 of the Dungeon)
  5708 | D:5      | Found a sand-covered staircase.
  5743 | Ossuary  | Entered an ossuary
  5800 | Ossuary  | Reached skill level 1 in Fire Magic
  6260 | D:5      | Received a gift from Nemelex Xobeh
  6462 | D:5      | Found a staircase to the Ecumenical Temple.
  6982 | D:6      | Found Catal's General Store.
  6985 | D:6      | Bought a scroll of identify for 22 gold pieces
  6985 | D:6      | Bought a scroll of summoning for 104 gold pieces
  6985 | D:6      | Bought a potion of agility for 44 gold pieces
  6995 | D:6      | Found a burning altar of Makhleb.
  7032 | D:6      | Reached skill level 1 in Invocations
  7199 | D:6      | Received a gift from Nemelex Xobeh
  7221 | D:6      | Reached XP level 9. HP: 57/59 MP: 11/11
  7439 | D:6      | Noticed 4thArraOfDagon's ghost (novice SpMo)
  7891 | D:6      | Killed 4thArraOfDagon's ghost
  7939 | D:6      | Reached **** piety under Nemelex Xobeh
  8351 | D:7      | Noticed Duvessa
  8433 | D:7      | Noticed an orc sorcerer
  8434 | D:7      | Noticed an orc sorcerer
  8531 | D:7      | Noticed Dowan
  8539 | D:7      | Killed Duvessa
  8546 | D:7      | Killed Dowan
  8977 | D:6      | Reached skill level 1 in Axes
  9097 | D:7      | Reached skill level 2 in Axes
  9144 | D:7      | Noticed an orange demon
  9146 | D:7      | Noticed an ice devil
  9150 | D:7      | Killed an orc sorcerer
  9150 | D:7      | Reached skill level 3 in Axes
  9270 | D:7      | Found a runed door.
  9341 | D:7      | Noticed Crazy Yiuf
  9390 | D:7      | Reached skill level 4 in Axes
  9488 | D:7      | Received a gift from Nemelex Xobeh
  9511 | D:7      | Killed Crazy Yiuf
  9539 | D:7      | Reached XP level 10. HP: 70/70 MP: 12/12
  9703 | D:7      | Killed an orc sorcerer
  9703 | D:7      | Reached skill level 6 in Axes
  9988 | D:8      | Learned a level 3 spell: Mephitic Cloud
 10121 | D:8      | Noticed Maurice
 10260 | D:8      | Received a gift from Nemelex Xobeh
 10269 | D:8      | Killed Maurice
 10269 | D:8      | Reached skill level 7 in Axes
 10744 | D:8      | Noticed Joseph
 10896 | D:8      | Noticed Prince Ribbit
 11093 | D:8      | Killed Prince Ribbit
 11093 | D:8      | Reached skill level 8 in Axes
 11226 | D:8      | Found a sparkling altar of Nemelex Xobeh.
 11656 | D:9      | Reached skill level 9 in Axes
 11855 | D:9      | Noticed a freezing wraith
 11872 | D:9      | Slain by a freezing wraith

Vault maps used:
D:1:      dpeg_arrival_morbid_curiosity
D:2:      chequers_ecumenical_altar_simple_redux,
          hangedman_decor_clover_reticule, minmay_small_reverse_x
D:3:      uniq_jessica
D:5:      minmay_temple_entry_nine_rooms, first_ration,
          gup_ossuary_entry_pyramid, hex_tiny, uniq_pikel
D:6:      nicolae_overflow_crystal_walls, serial_shops, kennysheep_mini_moat
D:7:      cheibrodos_wizards_tower, uniq_crazy_yiuf_cottage, uniq_duvessa
D:8:      basic_altar, uniq_maurice, uniq_prince_ribbit1, uniq_joseph
D:9:      david_orc_4
Ossuary:  ossuary_minmay_chase

Skill      XL: |  1  2  3  4  5  6  7  8  9 10 |
---------------+-------------------------------+-----
Conjurations   | 1 2 3 4 |  4.2
Summonings     | 2 3 |  3.2
Maces & Flails | 2 5 7 8 |  8.4
Fire Magic     | 2 3 |  3.1
Invocations    | 2 3 |  3.6
Fighting       | 3 |  3.4
Axes           | 4 9 |  9.0
Staves         | |  3.0
Dodging        | |  1.0
Shields        | |  1.0
Spellcasting   | |  1.8
Poison Magic   | |  2.0
Evocations     | |  1.0

Action                   |  1- 3 |  4- 6 |  7- 9 | 10-12 || total
-------------------------+-------+-------+-------+-------++-------
Melee: Club              |    16 |       |       |       ||    16
       Mace              |    54 |    80 |       |       ||   134
       Morningstar       |       |    20 |   195 |       ||   215
       Battleaxe         |       |       |    42 |    98 ||   140
 Cast: Sting             |    40 |    83 |    40 |     3 ||   166
       Magic Dart        |     6 |    26 |    11 |       ||    43
       Call Imp          |       |    23 |    61 |    21 ||   105
       Conjure Flame     |       |       |     1 |       ||     1
       Mephitic Cloud    |       |       |       |     1 ||     1
Evoke: Deck              |       |     1 |    22 |     8 ||    31
       Wand              |       |       |       |     4 ||     4
  Use: Scroll            |       |     6 |    10 |     2 ||    18
       Potion            |       |     1 |       |     1 ||     2
 Stab: Distracted        |       |       |     3 |     2 ||     5
       Paralysed         |       |       |       |     4 ||     4
  Eat: Chunk             |     2 |    16 |    14 |     9 ||    41
       Ration            |       |       |     3 |       ||     3
Armor: Robe              |    26 |    18 |       |       ||    44
       Ring mail         |       |    17 |       |       ||    17
       Leather armour    |       |    13 |   105 |    54 ||   172
Dodge: Dodged            |    76 |    97 |   158 |    71 ||   402

Table legend:
 A = Spawn XP
 B = Non-spawn XP
 C = Spawn XP percentage of total XP
 D = Spawn monster count
 E = Non-spawn monster count
 F = Spawn count percentage of total count
 G = Total turns spent on level
                    A         B        C        D         E        F      G
               +---------+---------+-------+---------+---------+-------+---------
         Total |       0 |    6681 |   0.0 |       0 |     217 |   0.0 | 11872
               +---------+---------+-------+---------+---------+-------+---------
           D:1 |       0 |      75 |   0.0 |       0 |      41 |   0.0 |  1405
           D:2 |       0 |      61 |   0.0 |       0 |      23 |   0.0 |  1269
           D:3 |       0 |     235 |   0.0 |       0 |      20 |   0.0 |  1521
           D:4 |       0 |     421 |   0.0 |       0 |      16 |   0.0 |  1098
           D:5 |       0 |     782 |   0.0 |       0 |      19 |   0.0 |  1608
           D:6 |       0 |    1091 |   0.0 |       0 |      24 |   0.0 |  1417
           D:7 |       0 |    2199 |   0.0 |       0 |      28 |   0.0 |  2060
           D:8 |       0 |    1270 |   0.0 |       0 |      17 |   0.0 |  1100
           D:9 |       0 |     442 |   0.0 |       0 |       8 |   0.0 |   236
       Ossuary |       0 |     105 |   0.0 |       0 |      21 |   0.0 |   158
               +---------+---------+-------+---------+---------+-------+---------
